 Dungeon Crawl Stone Soup version 0.27.0-1-g7a089689b8 (webtiles) character file.

Game seed: 11871152126624377120

82349 mainiacjoe the Pacifist (level 15, -23/123 HPs)
             Began as a Palentonga Transmuter on July 31, 2021.
             Was an Elder of Elyvilon.
             Killed from afar by Jorgrun (38 damage)
             ... with a blast of rock fragments
             ... on level 13 of the Dungeon.
             The game lasted 01:25:32 (34136 turns).

mainiacjoe the Pacifist (Palentonga Transmuter)    Turns: 34136, Time: 01:25:32

Health: -23/123    AC: 30    Str: 18    XL:     15   Next: 29%
Magic:  25/25      EV: 11    Int: 18    God:    Elyvilon [****..]
Gold:   913        SH: 14    Dex: 18    Spells: 15/18 levels left

rFire    + . .     SeeInvis +     - Unarmed
rCold    + . .     Faith    .   M - +0 kite shield
rNeg     . . .     Spirit   .   Z - +0 ring mail of Okawaru's Delight {rElec rPois Will+ Int+2}
rPois    +         Reflect  +   J - +2 hood of the Assassin {Detection Stab+ Stlth++}
rElec    +         Harm     .   T - scarf {rC+ rF+}
rCorr    .         Rampage  .   R - +2 pair of gloves
Will     ++...                  V - +3 barding of Zaywaxzu {Drain Dex+8}
Stlth    ++++++....             x - amulet of reflection
HPRegen  0.30/turn              v - +4 ring of protection {=R}
MPRegen  0.19/turn              X - +4 ring of evasion

@: curled up
A: large, rugged brown scales 3, see invisible, deformed body, roll 1, armoured
tail, reflexive curl
a: Rolling Charge, Renounce Religion, Lesser Healing, Heal Other, Purification,
Greater Healing, Divine Protection


You were on level 13 of the Dungeon.
You worshipped Elyvilon.
Elyvilon was greatly pleased with you.
You visited 5 branches of the dungeon, and saw 23 of its levels.
You also visited: Sewer.

You collected 2863 gold pieces.
You spent 1950 gold pieces at shops.

Inventory:

Missiles
 b - 14 boomerangs of dispersal {=F}
 c - 6 javelins
 d - 194 poisoned darts
 F - 32 boomerangs
 P - 8 curare-tipped darts {=F}
 W - 5 datura-tipped darts {=F}
Armour
 m - the +2 ring mail of Howling Wind {rElec rN+ Slay+4}
   (You acquired it on level 5 of the Dungeon)

   Slay:      It affects your accuracy & damage with ranged weapons and melee
   (+4).
   rElec:     It insulates you from electricity.
   rN:        It protects you from negative energy.
 J - the +2 hood of the Assassin (worn) {Detection Stab+ Stlth++}
   (You acquired it on level 5 of the Dungeon)

   It allows the wearer to sense nearby creatures.
   It allows the wearer to make particularly effective stabbing attacks against
   helpless or unaware enemies with any weapon.
   Stlth:     It makes you much more stealthy.
 M - a +0 kite shield (worn)
 R - a +2 pair of gloves (worn)
 T - a scarf of resistance (worn)
 V - the +3 barding of Zaywaxzu (worn) {Drain Dex+8}
   (You acquired it on level 4 of the Lair of Beasts)

   Dex:       It affects your dexterity (+8).
   Drain:     It drains your maximum health when unequipped.
 Z - the +0 ring mail of Okawaru's Delight (worn) {rElec rPois Will+ Int+2}
   (You found it on level 5 of the Lair of Beasts)

   Int:       It affects your intelligence (+2).
   rElec:     It insulates you from electricity.
   rPois:     It protects you from poison.
   Will:      It increases your willpower.
Jewellery
 a - a ring of protection from fire
 r - a ring of wizardry
 v - a +4 ring of protection (left hand) {=R}
 x - an amulet of reflection (around neck)
 A - an amulet of guardian spirit
 K - a ring of ice
 X - a +4 ring of evasion (right hand)
Wands
 w - a wand of digging (9)
 y - a wand of mindburst (9)
 D - a wand of iceblast (4)
 H - a wand of flame (12)
 N - a wand of acid (12)
 U - a wand of polymorph (17)
Scrolls
 e - a scroll of summoning
 f - a scroll of silence
 h - a scroll of fear
 k - 2 scrolls of fog
 s - 12 scrolls of teleportation
 G - 6 scrolls of magic mapping
 I - 3 scrolls of vulnerability
 L - 3 scrolls of identify
 O - 3 scrolls of blinking
 S - a scroll of immolation
Potions
 g - a potion of resistance
 i - 4 potions of cancellation
 j - 9 potions of curing
 l - 5 potions of haste
 o - 2 potions of invisibility
 p - 6 potions of heal wounds
 q - a potion of magic
 t - 4 potions of flight
 u - 8 potions of attraction
 B - a potion of berserk rage
 C - 4 potions of mutation
 E - 3 potions of brilliance
 Q - a potion of might
 Y - a potion of ambrosia
Miscellaneous
 n - a box of beasts


   Skills:
 - Level 10.0 Fighting
 - Level 5.0 Armour
 - Level 5.0 Dodging
 - Level 10.0 Stealth
 + Level 2.5 Shields
 + Level 13.9 Unarmed Combat
 - Level 2.0 Spellcasting
 - Level 8.0 Transmutations
 + Level 14.3 Invocations


You had 15 spell levels left.
You knew the following spells:

 Your Spells              Type           Power      Damage    Failure   Level
a - Beastly Appendage     Tmut           60%        N/A       4%          1
b - Wereblood             Tmut           30%        N/A       7%          2

Your spell library contained the following spells:

 Spells                   Type           Power      Damage    Failure   Level
 Sting                    Tmut/Pois      64%        1d6       24%         1
 Spider Form              Tmut/Pois      8%         N/A       56%         3
 Magic Dart               Conj           4%         1d3       77%         1
 Shock                    Conj/Air       4%         1d3       77%         1
 Ignite Poison            Fire/Tmut/Pois 11%        N/A       77%         3
 Poisonous Vapours        Pois/Air       2%         N/A       88%         2
 Searing Ray              Conj           2%         3d3       88%         2
 Ice Form                 Ice/Tmut       16%        N/A       93%         4
 Conjure Flame            Conj/Fire      1%         6-21      98%         3
 Dazzling Flash           Conj/Hex       2%         N/A       98%         3
 Gell's Gravitas          Tloc           0%         N/A       98%         3
 Lesser Beckoning         Tloc           0%         N/A       98%         3
 Swiftness                Air            1%         N/A       98%         3
 Teleport Other           Tloc           1%         N/A       98%         3
 Airstrike                Air            0%         N/A       100%        4
 Cause Fear               Hex            0%         N/A       100%        4
 Fulminant Prism          Conj/Hex       0%         3d6       100%        4
 Hailstorm                Conj/Ice       1%         3d3       100%        4
 Olgreb's Toxic Radiance  Pois           1%         N/A       100%        4
 Sticky Flame             Conj/Fire      1%         2d3       100%        4
 Agony                    Necr           1%         N/A       100%        5
 Fireball                 Conj/Fire      0%         3d3       100%        5
 Silence                  Hex/Air        0%         N/A       100%        5
 Simulacrum               Ice/Necr       0%         N/A       100%        6
 Starburst                Conj/Fire      0%         8x6d3     100%        6
 Dragon Form              Tmut           15%        N/A       100%        7
 Ignition                 Fire           0%         3d3       100%        8
 Dragon's Call            Summ           0%         N/A       100%        9


Dungeon Overview and Level Annotations

Branches:
Dungeon (13/15)            Temple (1/1) D:7            Lair (6/6) D:11
  Swamp (1/4) Lair:2        Snake (0/4) Lair:4        Slime (0/5) Lair:6
    Orc (2/2) D:12            Elf (0/3) Orc:2         Sewer (visited)
 Vaults: D:13-14

Altars:
Ashenzari
Cheibriados
Dithmenos
Elyvilon
Fedhas
Gozag
Hepliaklqana
Kikubaaqudgha
Makhleb
Nemelex Xobeh
Okawaru
Qazlal
Ru
Sif Muna
Trog
Uskayaw
Vehumet
Wu Jian
Xom
Yredelemnul
Zin
The Shining One
Beogh
Lugonu

Shops:
D:2 !   D:6 (   Orc:2 ?=([*[*!

Portals:
Abyss: Lair:6

Annotations:
D:5 2 runed translucent doors
D:13 Jorgrun


Innate Abilities, Weirdness & Mutations

You are completely covered in rugged brown scales. (AC +3, +7% HP)
You have supernaturally acute eyesight. (SInv)
Armour fits poorly on your strangely shaped body.
You can roll at nearby foes to attack.
You have a long armoured tail.
You curl defensively after being hit.


Message History

No target in view!
Things that are here:
6 large rocks; a cyclops corpse Jorgrun Earthshaker comes into view.
He is wielding a +0 vorpal quarterstaff.
Found 18 gold pieces.
The catoblepas bellows!
You hear a shout!
Jorgrun gestures at you while chanting. The iron shot hits you!!!
You roll forward with a clatter of scales!
You pummel Jorgrun like a punching bag!!!
Your tail-slap misses Jorgrun.
Jorgrun is moderately wounded.
Jorgrun hits you with a +0 vorpal quarterstaff!!
You miss Jorgrun.
Jorgrun is moderately wounded.
Jorgrun points at you and mumbles some strange words.
The iron shot hits you!!!
* * * LOW HITPOINT WARNING * * *
You punch Jorgrun!
Jorgrun is heavily wounded.
Jorgrun says, "May tha earth consume ye!"
Jorgrun points at you and mumbles some strange words.
You easily resist.
You punch Jorgrun! You tail-slap Jorgrun.
Jorgrun is severely wounded.
Jorgrun barely misses you.
You punch Jorgrun!
Jorgrun is severely wounded.
You block Jorgrun's attack.
You hit Jorgrun but do no damage.
Jorgrun is severely wounded.
Jorgrun completely misses you.
You hit Jorgrun.
Your tail-slap misses Jorgrun.
Jorgrun is severely wounded.
You block Jorgrun's attack.
You hit Jorgrun but do no damage. You tail-slap Jorgrun!
Jorgrun is severely wounded.
Jorgrun points at you and mumbles some strange words.
The wall shatters!
The blast of rock fragments hits you!!!
You die...

#.........#
.##.....<#
#.#.(...## #.#.....#
# #.......# #. {
#(......#### +.○
#........... .R{
#..##........
.#######...@g...####
.........#####...#
.........# #...#
.#++####.# .. . .Y.
### ## .T. #... .#..
.#..


You could see Jorgrun.

Vanquished Creatures
  Rupert (Orc:2)
  An orc warlord (Orc:1)
  12 hydras
  Erica (Lair:2)
  2 centaur warriors
  5 two-headed ogres
  6 death yaks
  A catoblepas (D:9)
  2 orc high priests
  3 thrashing horrors (Lair:6)
  Urug (Orc:2)
  3 orc knights
  2 bog bodies (Lair:2)
  5 orc sorcerers
  3 ugly things
  5 slime creatures
  5 cyclopes
  8 black mambas
  10 elephants
  A black mamba (shapeshifter) (Lair:6)
  A torpor snail (Lair:6)
  A smoke demon (Lair:6)
  A kobold demonologist (D:10)
  7 cane toads
  2 rime drakes
  A yaktaur (shapeshifter) (Lair:6)
  An unseen horror (D:10)
  4 komodo dragons
  2 ancient zymes (Lair:6)
  2 tengu conjurers
  4 trolls
  Grinder (D:6)
  4 polar bears
  3 hornets
  Prince Ribbit (D:5)
  A blink frog (shapeshifter) (Lair:6)
  30 blink frogs
  11 dream sheep
  2 vampires
  10 small abominations (Lair:6)
  2 wyverns
  A shadow (D:10)
  7 basilisks
  A wraith (D:12)
  51 yaks
  3 chaos spawn (Lair:6)
  2 vampire mosquitoes (D:10)
  A warg (Orc:2)
  A steam dragon (D:8)
  4 acid dragons
  22 water moccasins
  29 orc warriors
  A large abomination (Lair:6)
  A hornet zombie (D:6)
  Purgy (Sewer)
  2 necrophages
  5 ice beasts
  9 ogres
  A black bear (Lair:4)
  3 centaurs
  19 wolves
  A phantom (D:7)
  12 bullfrogs
  A gnoll sergeant (D:8)
  28 kobold brigands
  A scorpion (D:5)
  A wyvern skeleton (D:7)
  2 water moccasin skeletons
  10 wights
  8 killer bees
  2 howler monkeys (D:9)
  3 lava snakes (D:7)
  9 centaur zombies
  14 orc priests
  2 hounds
  6 jellies
  A bullfrog skeleton (D:7)
  2 centaur skeletons
  2 gnoll shamans
  An iguana (D:6)
  A scorpion zombie (D:5)
  4 hell rats (Lair:5)
  18 orc wizards
  A killer bee zombie (D:6)
  A hound skeleton (D:5)
  2 howler monkey zombies (D:5)
  6 gnolls
  2 adders (D:5)
  A shadow imp (D:6)
  An ufetubus (D:5)
  An adder skeleton (D:4)
  4 worms
  4 dart slugs (D:1)
  58 orcs
  8 ball pythons
  10 endoplasms
  4 giant cockroaches
  6 goblins
  9 hobgoblins
  3 jackals (D:4)
  20 kobolds
  5 bats
  8 frilled lizards
  6 rats
621 creatures vanquished.

Vanquished Creatures (others)
  A kobold demonologist (D:8)
  A small abomination (Lair:6)
  2 orc wizards
  2 orcs (D:8)
  60 fungi
  57 plants
123 creatures vanquished.

Grand Total: 744 creatures vanquished

Notes
Turn   | Place    | Note
-------+----------+-------------------------------------------
     0 | D:1      | mainiacjoe the Palentonga Transmuter began the quest for
                  | the Orb.
     0 | D:1      | Reached XP level 1. HP: 16/16 MP: 3/3
    61 | D:1      | Found a faded altar of an unknown god.
    66 | D:1      | Became a worshipper of Elyvilon the Healer
    66 | D:1      | Reached * piety under Elyvilon
    91 | D:1      | Reached XP level 2. HP: 11/22 MP: 3/5
   105 | D:1      | Learned a level 2 spell: Wereblood
   326 | D:1      | You fall into a shaft and drop 1 floor!
   751 | D:1      | Reached XP level 3. HP: 24/27 MP: 4/6
   984 | D:1      | Reached skill level 1 in Invocations
  1035 | D:1      | Reached ** piety under Elyvilon
  1532 | D:2      | Found Rumnisiadd's Distillery.
  1540 | D:2      | Bought a potion of curing for 30 gold pieces
  2187 | D:2      | Reached *** piety under Elyvilon
  2641 | D:3      | Found a glowing drain.
  2659 | D:3      | Reached XP level 4. HP: 28/34 MP: 7/7
  2666 | Sewer    | Entered a sewer
  2776 | Sewer    | Noticed Purgy
  2802 | Sewer    | Killed Purgy
  2803 | Sewer    | Reached skill level 2 in Invocations
  2803 | Sewer    | Reached XP level 5. HP: 10/39 MP: 4/8
  3343 | D:2      | Bought a potion of flight for 30 gold pieces
  3365 | D:3      | Reached **** piety under Elyvilon
  3460 | D:3      | Found an opulent altar of Gozag.
  3662 | D:2      | Bought a potion of attraction for 30 gold pieces
  3745 | D:4      | Reached skill level 5 in Unarmed Combat
  3873 | D:4      | Reached skill level 3 in Invocations
  3972 | D:4      | Found a glowing golden altar of the Shining One.
  4054 | D:4      | Noticed an ogre
  4065 | D:4      | Killed an ogre
  4066 | D:4      | Reached XP level 6. HP: 13/46 MP: 2/9
  4471 | D:5      | Entered Level 5 of the Dungeon
  4656 | D:5      | Reached skill level 4 in Invocations
  4700 | D:5      | Found a sparkling altar of Nemelex Xobeh.
  4720 | D:5      | Gained mutation: You curl defensively after being hit.
                  | [Palentonga growth]
  4720 | D:5      | Reached XP level 7. HP: 53/53 MP: 10/10
  4735 | D:5      | Identified 3 scrolls of acquirement
  4735 | D:5      | Acquired the +2 ring mail of Howling Wind {rElec rN+
                  | Slay+4}
  4935 | D:2      | Bought a potion of brilliance for 40 gold pieces
  5032 | D:5      | Reached skill level 5 in Invocations
  5084 | D:5      | Noticed Prince Ribbit
  5096 | D:5      | Killed Prince Ribbit
  5211 | D:5      | Found a runed translucent door.
  5212 | D:5      | Found a runed translucent door.
  5225 | D:5      | Reached ***** piety under Elyvilon
  5238 | D:5      | Reached skill level 6 in Invocations
  5238 | D:5      | Reached XP level 8. HP: 51/64 MP: 9/12
  5671 | D:5      | Found a sacrificial altar of Ru.
  6235 | D:5      | Acquired the +2 hood of the Assassin {Detection Stab+
                  | Stlth++}
  6236 | D:5      | Found the +2 hood of the Assassin {Detection Stab+ Stlth++}
  6246 | D:5      | Acquired 864 gold pieces
  6300 | D:2      | Bought a potion of resistance for 100 gold pieces
  6649 | D:6      | Noticed Grinder
  6657 | D:6      | Killed Grinder
  6658 | D:6      | Reached skill level 5 in Fighting
  6658 | D:6      | Reached skill level 7 in Invocations
  6677 | D:6      | Reached XP level 9. HP: 60/70 MP: 11/14
  6818 | D:6      | Found Adyiniho's Weapon Boutique.
  7409 | D:7      | Found a staircase to the Ecumenical Temple.
  7418 | Temple   | Entered the Ecumenical Temple
  7610 | D:7      | Reached skill level 8 in Invocations
  7624 | D:7      | Reached skill level 5 in Dodging
  7745 | D:7      | Reached skill level 1 in Armour
  8725 | D:8      | Reached skill level 9 in Invocations
  8725 | D:8      | Reached XP level 10. HP: 64/79 MP: 12/16
  8729 | D:8      | Noticed a purple ugly thing
  8732 | D:8      | Noticed a two-headed ogre
  8735 | D:8      | Pacified a purple ugly thing
  9086 | D:8      | Killed a two-headed ogre
  9560 | D:8      | Noticed a cyclops
  9569 | D:8      | Killed a cyclops
  9570 | D:8      | Reached skill level 10 in Invocations
  9919 | D:8      | Noticed a centaur warrior
  9933 | D:8      | Killed a centaur warrior
  9934 | D:8      | Reached skill level 5 in Armour
  9934 | D:8      | Reached skill level 10 in Unarmed Combat
 10506 | D:9      | Found an iron altar of Okawaru.
 10506 | D:9      | Found a blossoming altar of Fedhas.
 10664 | D:9      | You fall into a shaft and drop 2 floors!
 10671 | D:11     | Noticed a catoblepas
 10685 | D:11     | Pacified a catoblepas
 10686 | D:11     | Reached XP level 11. HP: 19/85 MP: 1/18
 11047 | D:11     | Found a blossoming altar of Fedhas.
 11153 | D:10     | Entered Level 10 of the Dungeon
 11153 | D:10     | Noticed a two-headed ogre
 11225 | D:10     | Killed a two-headed ogre
 11226 | D:10     | Reached skill level 1 in Stealth
 11539 | D:10     | Identified the +0 crystal plate armour "Pehad" {rF+ Int+3}
 11757 | D:9      | Noticed a centaur warrior
 11760 | D:9      | Killed a centaur warrior
 11766 | D:9      | Noticed a four-headed hydra
 11772 | D:9      | Killed a four-headed hydra
 11773 | D:9      | Identified the +7 spear of the Whelk {flame, *Corrode Will+
                  | Int+9}
 11964 | D:9      | Noticed a cyan ugly thing
 11971 | D:9      | Killed a cyan ugly thing
 12055 | D:9      | Noticed a six-headed hydra
 12063 | D:9      | Killed a six-headed hydra
 12086 | D:9      | Noticed a catoblepas
 12467 | D:9      | Noticed an eight-headed hydra
 12478 | D:9      | Killed a catoblepas
 12554 | D:9      | Killed an eight-headed hydra
 12857 | D:9      | Noticed a two-headed ogre
 12863 | D:9      | Killed a two-headed ogre
 12864 | D:9      | Reached skill level 1 in Shields
 13405 | D:10     | Reached XP level 12. HP: 83/98 MP: 14/19
 14153 | D:10     | Reached ****** piety under Elyvilon
 14982 | D:11     | Found a staircase to the Lair.
 15488 | Lair:1   | Entered Level 1 of the Lair of Beasts
 15509 | Lair:1   | Noticed a five-headed hydra
 15559 | Lair:1   | Reached skill level 5 in Stealth
 16445 | Lair:1   | Reached skill level 10 in Fighting
 16552 | Lair:1   | Reached skill level 11 in Invocations
 16670 | Lair:1   | Killed a five-headed hydra
 16824 | Lair:1   | Noticed a four-headed hydra
 16841 | Lair:1   | Killed a four-headed hydra
 17523 | Lair:2   | Reached skill level 12 in Invocations
 17523 | Lair:2   | Reached XP level 13. HP: 110/110 MP: 20/22
 17548 | Lair:2   | Found a staircase to the Swamp.
 17790 | Swamp:1  | Entered Level 1 of the Swamp
 17845 | Lair:2   | Reached skill level 5 in Transmutations
 18183 | Lair:2   | Noticed Erica
 18449 | Lair:2   | Killed Erica
 20497 | Lair:4   | Found a staircase to the Snake Pit.
 20500 | Lair:4   | Acquired the +3 barding of Zaywaxzu {Drain Dex+8}
 22846 | Lair:6   | Entered Level 6 of the Lair of Beasts
 22993 | Lair:5   | Reached XP level 14. HP: 88/117 MP: 17/23
 23306 | Lair:5   | Identified the +0 ring mail of Okawaru's Delight {rElec
                  | rPois Will+ Int+2}
 24610 | Lair:6   | Found a staircase to the Slime Pits.
 25173 | Lair:6   | Reached skill level 10 in Stealth
 25876 | Lair:6   | Found a corrupted altar of Lugonu.
 25876 | Lair:6   | Found a one-way gate to the infinite horrors of the Abyss.
 26514 | Lair:6   | Reached skill level 13 in Invocations
 28281 | D:12     | Found a staircase to the Orcish Mines.
 28498 | Orc:1    | Entered Level 1 of the Orcish Mines
 29309 | Orc:1    | Reached XP level 15. HP: 106/123 MP: 21/25
 29535 | Orc:2    | Entered Level 2 of the Orcish Mines
 29535 | Orc:2    | Found Ticelal's Assorted Antiques.
 29535 | Orc:2    | Found Yzalyit's Distillery.
 29619 | Orc:2    | Bought a long gold wand for 144 gold pieces
 29634 | Orc:2    | Found Jiqeuclu's Armour Emporium.
 29647 | Orc:2    | Found a staircase to the Elven Halls.
 29657 | Orc:2    | Noticed Rupert
 29665 | Orc:2    | Paralysed by Rupert for 3 turns
 29677 | Orc:2    | Killed Rupert
 29830 | Orc:2    | HP: 5/123 [soul eater[an orc high priest] (4)]
 29831 | Orc:2    | Elyvilon protects you from harm!
 29831 | Orc:2    | Elyvilon protects you from harm!
 30235 | Orc:2    | Reached skill level 14 in Invocations
 31095 | Orc:2    | Noticed an orc warlord
 31104 | Orc:2    | Noticed Urug
 31562 | Orc:1    | Killed an orc warlord
 32114 | Orc:2    | Killed Urug
 32127 | Orc:2    | HP: 6/123 [orc knight/bolt (9)]
 32131 | Orc:2    | Elyvilon protects you from harm!
 32132 | Orc:2    | HP: 6/123 [orc knight/bolt (1)]
 32874 | Orc:2    | Found Luoxelic's Jewellery Emporium.
 32880 | Orc:2    | Found Tepirac's General Store.
 32947 | Orc:2    | Found a burning altar of Makhleb.
 32987 | Orc:2    | Found Mykkep Qatupp's Magic Scroll Boutique.
 32994 | Orc:2    | Bought a scroll of summoning for 161 gold pieces
 32994 | Orc:2    | Bought a scroll of blinking for 127 gold pieces
 33213 | Orc:2    | Found Utooreob's Antique Weapon Emporium.
 33228 | Orc:2    | Found Plog's Antique Armour Emporium.
 33256 | Orc:2    | Bought a +0 kite shield for 58 gold pieces
 33303 | Orc:2    | Bought a potion of heal wounds for 180 gold pieces
 33303 | Orc:2    | Bought a scroll of blinking for 270 gold pieces
 33303 | Orc:2    | Bought a potion of haste for 360 gold pieces
 33366 | Orc:2    | Bought an amulet of reflection for 420 gold pieces
 33789 | D:12     | Elyvilon protects you from harm!
 33789 | D:12     | HP: 6/123 [kobold demonologist (3)]
 34125 | D:13     | Noticed Jorgrun
 34136 | D:13     | Killed from afar by Jorgrun

Illustrated notes

Levels and vault maps discovered:
D:1:      heliophobic_arrival_ceremonial_halls, layout_basic,
          hellmonk_ecumenical_altar_run_dry
D:2:      layout_loops_corners, serial_shops, nicolae_shop_waterfront,
          kennysheep_generic_room_4
D:3:      cheibrodos_old_hovel, layout_loops_cross, nicolae_gozag_seed_capital,
          cheibrodos_sewer_entry_bend
D:4:      layout_loops_ring, tso_oasis_becter
D:5:      lemuel_insect_pit, layout_basic, old_standard_altar,
          nicolae_ru_path_of_blood, chequers_serial_rivers_marsh,
          uniq_prince_ribbit1
D:6:      layout_loops_ring, serial_glass, glass_columns_c, glass_columns_b,
          serial_shops, shop, uniq_grinder
D:7:      layout_basic, minmay_temple_entry_sparse_star, st_stairs_14,
          corner_web_ring, grunt_decor_junction, minmay_misc_feat_hallway,
          solitary_fountain, kennysheep_cluttered_room
D:8:      hangedman_cross_veins, layout_basic
D:9:      layout_loops_ring, gammafunk_temple_overflow_pools, minmay_evil_grid
D:10:     layout_roguey [special_room_kobold], st_stairs_11
D:11:     lemuel_ice_spiral_2, layout_stronghold, dpeg_oklobed_lair,
          fedhas_altar_3
D:12:     layout_small_grid, david_orc_1_choice, lemuel_flamethrower_2
D:13:     layout_rooms, skrybe_vaults_entry_preservation, nicolae_water_bricks,
          evilmike_ruin_ashenzari, uniq_jorgrun
Temple:   kb_temple_of_zot
Lair:1:   layout_chaotic_city, minivault_26
Lair:2:   layout_cave_pods, skrybe_swamp_entry_bodies, uniq_erica
Lair:3:   layout_regular_city, infiniplex_staircase_pool_2, lemuel_fruit_fields,
          grunt_megastairs_4
Lair:4:   layout_small_grid, minmay_snake_entry_six_corridors
Lair:5:   layout_regular_city
Lair:6:   hellmonk_lair_end_abyssal_woods, layout_layer_cave,
          nicolae_slime_entry_slimehenge, chequers_serial_rivers_small_3
Swamp:1:  layout_basic_swamp, evilmike_swamp_ruin_house_6, swamp_pool4,
          beargit_elvish_explorers
Orc:1:    layout_diamond_mine, basic_altar
Orc:2:    grunt_orc_cross, layout_caves, serial_shops, shop,
          nicolae_shop_overgrown_old_shop, shop, shop, basic_altar, uniq_rupert

Skill      XL: |  1  2  3  4  5  6  7  8  9 10 11 12 13 14 15 |
---------------+----------------------------------------------+-----
Invocations    | 1 2 3 4 6 7 9 10 12 13 14 | 14.3
Unarmed Combat | 4 5 6 7 8 10 11 12 13 | 13.9
Transmutations | 3 4 8 |  8.0
Fighting       | 2 3 5 7 10 | 10.0
Dodging        | 2 3 5 |  5.0
Armour         | 2 5 |  5.0
Stealth        | 3 5 8 10 | 10.0
Shields        | 2 |  2.5
Spellcasting   | |  2.0

Action                   |  1- 3 |  4- 6 |  7- 9 | 10-12 | 13-15 || total
-------------------------+-------+-------+-------+-------+-------++-------
Melee: Unarmed           |   139 |   179 |   245 |   676 |  1458 ||  2697
       Tailslap          |     8 |    18 |    35 |    94 |   294 ||   449
       Headbutt          |     3 |     3 |     3 |     3 |       ||    12
       Kick              |    11 |    14 |     1 |     3 |       ||    29
       Punch             |     2 |     3 |     9 |    13 |       ||    27
Throw: Dart              |     2 |       |       |       |     5 ||     7
       Boomerang         |       |       |       |       |     1 ||     1
 Cast: Beastly Appendage |    12 |     6 |     1 |     1 |       ||    20
       Wereblood         |       |     1 |    11 |    18 |    35 ||    65
Invok: Lesser Healing    |       |     3 |       |     2 |     1 ||     6
       Greater Healing   |       |     1 |       |       |     2 ||     3
       Heal Other        |       |       |       |     3 |     2 ||     5
       Purification      |       |       |       |     1 |     3 ||     4
       Divine Protection |       |       |       |       |     2 ||     2
 Abil: Rolling Charge    |    27 |    19 |    30 |    58 |   148 ||   282
Evoke: Wand              |       |       |       |       |     2 ||     2
  Use: Scroll            |     3 |     2 |     9 |     9 |    13 ||    36
       Potion            |       |     1 |       |     1 |     3 ||     5
 Stab: Sleeping          |       |       |     3 |     6 |     4 ||    13
Armor: Robe              |    37 |    25 |       |       |       ||    62
       Troll leather arm |       |    46 |       |       |       ||    46
       Ring mail         |       |       |   147 |   349 |   787 ||  1283
       Skin              |       |       |       |       |    40 ||    40
Dodge: Dodged            |    49 |    91 |   118 |   278 |   860 ||  1396
Block: Buckler           |       |       |       |    73 |   365 ||   438
       Kite shield       |       |       |       |       |    33 ||    33
